 Dungeon Crawl Stone Soup version 0.23.0-41-g86b089e62c (webtiles) character file.

Game seed: 9708337437757660036

2723 Naridas the Fighter (level 9, -4/100 HPs)
             Began as an Octopode Fighter on Feb 28, 2019.
             Was a Believer of Dithmenos.
             Engulfed by a steam dragon's steam (6 damage)
             ... on level 7 of the Dungeon.
             The game lasted 00:24:36 (7343 turns).

Naridas the Fighter (Octopode Fighter)              Turns: 7343, Time: 00:24:37

Health: -4/100     AC:  3    Str: 21    XL:     9   Next: 66%
Magic:  9/9        EV: 14    Int: 12    God:    Dithmenos [**....]
Gold:   235        SH: 10    Dex: 14    Spells: 8/8 levels left

rFire    . . .     SeeInvis .   a - +0 long sword
rCold    . . .     Gourm    .   b - +0 shield
rNeg     + . .     Faith    .   (helmet restricted)
rPois    .         Spirit   .   p - amulet of regeneration
rElec    .         Reflect  .   o - +2 ring of intelligence
rCorr    .         Harm     .   y - +2 ring of protection
MR       .....                  A - ring of stealth
Stlth    ..........             B - ring of positive energy
HPRegen  0.66/turn              (no ring)
MPRegen  0.11/turn              (no ring)
                                (no ring)
                                (no ring)

@: berserking, wreathed by umbra, very quick
A: almost no armour, stealthy swim, amphibious, 8 rings, constrict 8, camouflage
1, gelatinous body 1
a: Shadow Step, Renounce Religion


You were on level 7 of the Dungeon.
You worshipped Dithmenos.
Dithmenos was pleased with you.
You were not hungry.

You visited 2 branches of the dungeon, and saw 8 of its levels.

You collected 335 gold pieces.
You spent 100 gold pieces at shops.

Inventory:

Hand Weapons
 a - a +0 long sword (weapon)
Missiles
 u - 9 tomahawks (quivered)
Armour
 b - a +0 shield (worn)
Jewellery
 o - a +2 ring of intelligence (left tentacle)
 p - an amulet of regeneration (around mantle)
 y - a +2 ring of protection (right tentacle)
 A - a ring of stealth (on tentacle)
 B - a ring of positive energy (on tentacle)
Wands
 F - a wand of flame (11)
 G - a wand of polymorph (8)
Scrolls
 g - 3 scrolls of teleportation {unknown}
 h - 5 scrolls of magic mapping
 j - a scroll of amnesia
 k - 3 scrolls of enchant armour
 q - 6 scrolls of remove curse
 w - a scroll of enchant weapon {unknown}
 C - a scroll of immolation {unknown}
 D - a scroll of fear {unknown}
 H - a scroll of random uselessness {unknown}
Potions
 c - 4 potions of might
 e - 4 potions of flight
 f - a potion of berserk rage
 i - 5 potions of curing
 l - 3 potions of mutation {unknown}
 m - 4 potions of haste
 n - 3 potions of brilliance {unknown}
 r - 5 potions of agility {unknown}
 s - 2 potions of ambrosia {unknown}
 t - a potion of invisibility {unknown}
 v - a potion of lignification {unknown}
 x - 3 potions of degeneration {unknown}
 z - a potion of cancellation {unknown}
Comestibles
 d - 20 rations
 E - 3 chunks of flesh


   Skills:
 - Level 8.5 Fighting
 - Level 7.9 Long Blades
 + Level 2.4 Throwing
 - Level 5.2 Dodging
 - Level 5.2 Shields


You had 8 spell levels left.
You didn't know any spells.
Your spell library was empty.

Dungeon Overview and Level Annotations

Branches:
Dungeon (7/15)             Temple (1/1) D:6

Altars:
Ashenzari
Cheibriados
Dithmenos
Elyvilon
Fedhas
Gozag
Hepliaklqana
Kikubaaqudgha
Makhleb
Okawaru
Qazlal
Ru
Sif Muna
Trog
Uskayaw
Vehumet
Wu Jian
Xom
Yredelemnul
Zin
The Shining One

Shops:
D:4 =


Innate Abilities, Weirdness & Mutations

You cannot wear most types of armour.
You are very stealthy in the water. (Stealth+)
You are amphibious.
You can wear up to eight rings at the same time.
You can use your tentacles to constrict eight enemies at once.
Your skin changes colour to match your surroundings (Stealth+).
Your rubbery body absorbs attacks. (AC +1, EV +1)


Message History

* * * LOW HITPOINT WARNING * * *
The steam dragon bites you!
* * * LOW HITPOINT WARNING * * *
The steam dragon claws you.
* * * LOW HITPOINT WARNING * * *
You feel better. The steam dragon breathes steam at you.
The ball of steam misses you.
A red film seems to cover your vision as you go berserk!
You feel yourself moving faster!
You feel mighty!
You are engulfed in a cloud of scalding steam.
* * * LOW HITPOINT WARNING * * *
The steam dragon bites you!
* * * LOW HITPOINT WARNING * * *
The steam dragon claws you.
* * * LOW HITPOINT WARNING * * *
You hit the steam dragon.
The steam dragon is almost dead.
You are engulfed in a cloud of scalding steam.
You die...

...##########
#.....D@ยงยง..#
#..#######.##
..#.# #[#.# ###
#.#.# .. ..#
#.#.# ..##.#
#.#####.#.##
..#.#
#......[...#
..#.#
######.#####


You could see a steam dragon.

Vanquished Creatures
  A human (D:7)
  4 hogs (D:7)
  Edmund (D:6)
  Duvessa (D:5)
  2 orc warriors (D:7)
  An ice beast (D:6)
  A phantom (D:4)
  2 ogres
  A bullfrog (D:7)
  Dowan (D:5)
  A scorpion (D:4)
  A howler monkey (D:4)
  A bullfrog zombie (D:5)
  A crimson imp (D:3)
  A centaur zombie (D:6)
  A hound (D:5)
  A jelly (D:7)
  5 orc priests
  2 centaur skeletons (D:4)
  9 orc wizards
  3 bullfrog skeletons
  2 iguanas (D:7)
  2 worker ants
  3 killer bee zombies
  3 worker ant zombies
  A howler monkey zombie (D:7)
  5 adders
  2 oozes
  7 worms
  6 dart slugs
  A leopard gecko (D:1)
  18 orcs
  A ball python (D:2)
  5 giant cockroaches
  11 goblins
  9 hobgoblins
  4 jackals (D:5)
  9 kobolds
  3 quokkas
  5 bats
  4 frilled lizards
  3 leopard gecko skeletons
  9 rats
154 creatures vanquished.

Notes
Turn   | Place    | Note
-------+----------+-------------------------------------------
     0 | D:1      | Naridas the Octopode Fighter began the quest for the Orb.
     0 | D:1      | Reached XP level 1. HP: 16/16 MP: 1/1
   152 | D:1      | Reached XP level 2. HP: 19/21 MP: 2/2
   587 | D:1      | Reached XP level 3. HP: 26/26 MP: 3/3
  1163 | D:2      | Found a hide-covered altar of Uskayaw.
  1502 | D:2      | Reached XP level 4. HP: 26/31 MP: 4/4
  2046 | D:2      | Found a hide-covered altar of Uskayaw.
  2181 | D:3      | Reached skill level 5 in Long Blades
  2189 | D:2      | Reached XP level 5. HP: 23/36 MP: 5/5
  3094 | D:3      | Reached skill level 1 in Throwing
  3097 | D:3      | Found a glowing golden altar of the Shining One.
  3123 | D:3      | Reached XP level 6. HP: 24/43 MP: 6/6
  3644 | D:4      | Found an opulent altar of Gozag.
  4078 | D:4      | Noticed a phantom
  4139 | D:4      | Killed a phantom
  4139 | D:4      | Reached XP level 7. HP: 30/47 MP: 7/7
  4184 | D:4      | Found a shadowy altar of Dithmenos.
  4191 | D:4      | Became a worshipper of Dithmenos the Shadowed
  4274 | D:4      | Found a deep blue altar of Sif Muna.
  4275 | D:4      | Found an ancient bone altar of Kikubaaqudgha.
  4276 | D:4      | Found an iron altar of Okawaru.
  4277 | D:4      | Found a shattered altar of Ashenzari.
  4279 | D:4      | Found a stormy altar of Qazlal.
  4622 | D:4      | Found Dioke's Jewellery Shop.
  4631 | D:4      | Bought a +2 ring of protection for 100 gold pieces
  4656 | D:4      | Noticed a moth of wrath
  4660 | D:4      | Found a bloodstained altar of Trog.
  4825 | D:5      | Entered Level 5 of the Dungeon
  5101 | D:5      | Noticed Dowan
  5218 | D:5      | Noticed Duvessa
  5228 | D:5      | Killed Duvessa
  5228 | D:5      | Reached skill level 5 in Dodging
  5228 | D:5      | Reached skill level 5 in Shields
  5249 | D:5      | Killed Dowan
  5249 | D:5      | Reached skill level 4 in Fighting
  5249 | D:5      | Reached XP level 8. HP: 45/54 MP: 8/8
  5320 | D:5      | Reached * piety under Dithmenos
  5418 | D:5      | Found a hide-covered altar of Uskayaw.
  5558 | D:5      | Found a glowing silver altar of Zin.
  5647 | D:5      | Reached skill level 5 in Fighting
  5812 | D:6      | Noticed Edmund
  6074 | D:6      | Found a staircase to the Ecumenical Temple.
  6105 | Temple   | Entered the Ecumenical Temple
  6241 | D:6      | Killed Edmund
  6614 | D:7      | Noticed a hippogriff
  6633 | D:7      | Reached XP level 9. HP: 61/61 MP: 9/9
  6707 | D:7      | Reached skill level 6 in Fighting
  6744 | D:7      | Reached ** piety under Dithmenos
  7141 | D:7      | Reached skill level 7 in Fighting
  7187 | D:7      | Reached skill level 8 in Fighting
  7342 | D:7      | HP: 3/100 [steam dragon (9)]
  7343 | D:7      | Engulfed by a steam dragon's steam

Skill      XL: |  1  2  3  4  5  6  7  8  9 |
---------------+----------------------------+-----
Long Blades    | 3 4 5 7 |  7.9
Throwing       | 2 |  2.4
Dodging        | 4 5 |  5.2
Shields        | 4 5 |  5.2
Fighting       | 4 5 8 |  8.5

Action                   |  1- 3 |  4- 6 |  7- 9 || total
-------------------------+-------+-------+-------++-------
Melee: Long sword        |    59 |   104 |   210 ||   373
       Constrict         |    20 |    28 |    48 ||    96
       Tentacles         |    13 |    25 |    60 ||    98
Throw: Tomahawk          |       |    17 |    33 ||    50
  Use: Scroll            |     3 |     3 |     4 ||    10
       Potion            |       |       |     2 ||     2
 Stab: Sleeping          |     6 |     4 |     7 ||    17
       Distracted        |       |       |     1 ||     1
  Eat: Chunk             |     2 |     8 |    11 ||    21
Armor: Skin              |     1 |     5 |    13 ||    19
Dodge: Dodged            |    20 |    26 |    90 ||   136
Block: Shield            |    13 |    29 |    78 ||   120
       Rpst.: Long sword |     5 |     8 |    20 ||    33
